 Dungeon Crawl Stone Soup version 0.22.1-6-g1668fe2 (console) character file.

20763 erker the Fencer (level 12, -2/107 HPs)
             Began as a Minotaur Gladiator on Jan 30, 2019.
             Was a High Priest of Dithmenos.
             Slain by a very large slime creature (54 damage)
             ... on level 12 of the Dungeon.
             The game lasted 00:48:51 (11626 turns).

erker the Fencer (Minotaur Gladiator)              Turns: 11626, Time: 00:48:51

Health: -2/107     AC: 10    Str: 26    XL:     12   Next: 48%
Magic:  16/16      EV: 18    Int:  6    God:    Dithmenos [*****.]
Gold:   714        SH:  0    Dex: 14    Spells: 11/11 levels left

rFire    + . .     SeeInvis .   a - +7 scimitar {freeze, +Blink rF+ Dex+2}
rCold    + . .     Gourm    .   (no shield)
rNeg     . . .     Faith    .   B - +1 swamp dragon scales
rPois    +         Spirit   .   c - +0 hat
rElec    .         Reflect  .   x - scarf {repulsion}
rCorr    .         Harm     .   (no gloves)
MR       .....                  (no boots)
Stlth    +.........             F - amulet of the acrobat
HPRegen  0.27/turn              X - +3 ring of strength
MPRegen  0.15/turn              m - ring of protection from cold

@: wreathed by umbra, repel missiles
A: retaliatory headbutt, horns 2
a: Shadow Step, Shadow Form, Renounce Religion, Evoke Blink


You were on level 12 of the Dungeon.
You worshipped Dithmenos.
Dithmenos was extremely pleased with you.
You were very hungry.

You visited 2 branches of the dungeon, and saw 13 of its levels.

You collected 1050 gold pieces.
You spent 336 gold pieces at shops.

Inventory:

Hand Weapons
 a - the +7 scimitar "Sarcophage" (weapon) {freeze, +Blink rF+ Dex+2}
   (You took it off an orc on level 11 of the Dungeon)

   It has been specially enchanted to freeze those struck by it, causing extra
   injury to most foes and up to half again as much damage against particularly
   susceptible opponents.
   It can also slow down cold-blooded creatures.
   It affects your dexterity (+2).
   It protects you from fire.
   It lets you blink.
 b - the +8 long sword of the Vestibule of Hell {flame, rElec rC+++ Int-5 Stlth+}
   (You found it on level 11 of the Dungeon)

   It has been specially enchanted to burn those struck by it, causing extra
   injury to most foes and up to half again as much damage against particularly
   susceptible opponents.
   Big, fiery blades are also staple armaments of hydra-hunters.
   It affects your intelligence (-5).
   It renders you almost immune to cold.
   It insulates you from electricity.
   It makes you more stealthy.
 L - a +5 great sword of freezing
 Z - a +0 arbalest
Missiles
 d - 2 throwing nets
 i - 106 bolts
 l - 201 arrows
 v - 7 curare-tipped needles
 K - 7 javelins (quivered)
Armour
 c - a +0 hat (worn)
 s - a +2 helmet
 x - a scarf of repulsion (worn)
 B - +1 swamp dragon scales (worn)
 G - a scarf of cloud immunity
Jewellery
 m - a ring of protection from cold (right hand)
 u - an uncursed amulet of harm
 F - an amulet of the acrobat (around neck)
 H - a +4 ring of evasion
 S - a +5 amulet of reflection
 X - a +3 ring of strength (left hand)
Wands
 h - a wand of digging (9)
 w - a wand of polymorph (16)
 y - a wand of random effects (19)
 E - a wand of paralysis (19)
Scrolls
 e - a scroll of fear
 o - 3 scrolls of enchant armour
 p - 7 scrolls of teleportation {unknown}
 t - a scroll of remove curse
 D - a scroll of fog
 I - a scroll of torment
 N - a scroll of random uselessness {unknown}
 P - a scroll of magic mapping {unknown}
 Q - a scroll of silence {unknown}
 T - 2 scrolls of identify
 W - a scroll of enchant weapon {unknown}
Potions
 g - a potion of brilliance {unknown}
 j - 3 potions of magic
 k - a potion of haste
 n - 8 potions of curing
 r - a potion of ambrosia
 z - a potion of cancellation
 A - 5 potions of might
 O - a potion of resistance
 R - 2 potions of lignification {unknown}
 Y - 2 potions of flight
Miscellaneous
 V - a lamp of fire
Comestibles
 f - 30 rations


   Skills:
 + Level 10.4 Fighting
 + Level 15.0 Long Blades
 - Level 2.0 Throwing
 + Level 8.5 Armour
 * Level 11.3 Dodging
 * Level 6.7 Evocations


You had 11 spell levels left.
You didn't know any spells.
Your spell library contained the following spells:

 Spells                   Type           Power        Failure   Level  Hunger
 Bolt of Magma            Conj/Fire/Erth #.........   100%        5    ######.
 Iskenderun's Battlesphe  Conj/Chrm      #.......     100%        5    ######.
 Venom Bolt               Conj/Pois      #.........   100%        5    ######.
 Iron Shot                Conj/Erth      #.........   100%        6    #######
 Orb of Destruction       Conj           #.........   100%        7    #######
 Spellforged Servitor     Conj/Summ      #.........   100%        7    #######


Dungeon Overview and Level Annotations

Branches:
Dungeon (12/15)            Temple (1/1) D:5            Lair (0/6) D:11
    Orc (0/2) D:12

Altars:
Ashenzari
Cheibriados
Dithmenos
Elyvilon
Fedhas
Gozag
Hepliaklqana
Kikubaaqudgha
Makhleb
Nemelex Xobeh
Okawaru
Qazlal
Ru
Sif Muna
Trog
Uskayaw
Vehumet
Wu Jian
Xom
Yredelemnul
Zin
The Shining One
Beogh

Shops:
D:8 [*?

Portals:
Trove: D:12 (give +5 demon whip)

Annotations:
D:3 3 runed doors, lapinsky's ghost, amateur HuBe
D:6 1 runed door, Terandir's ghost, novice MiFi
D:9 1 runed door, esteth's ghost, novice DsAK


Innate Abilities, Weirdness & Mutations

You reflexively headbutt those who attack you in melee.
You have a pair of horns on your head.


Message History

The very large slime creature misses you.
You furiously retaliate!
You headbutt the very large slime creature.
You slash the very large slime creature!
You freeze the very large slime creature.
You headbutt the very large slime creature.
The very large slime creature is lightly wounded.
Your shadow hits the very large slime creature but does no damage.
You slash the very large slime creature!
You freeze the very large slime creature.
You headbutt the very large slime creature.
The very large slime creature is moderately wounded.
The very large slime creature hits you!!!
You are too injured to fight recklessly!
You are too injured to fight recklessly!
You are too injured to fight recklessly!
You fail to use your ability.
The very large slime creature hits you!!!
Ouch! That really hurt!
You die...

#............# #.##§§.....
#.........#########T.##....YY
#........##.......##..##.....
#.<.....##..#####..##..##....
#########..##..∩##..##..##<..
#..##..###..##..##....
##..##..)..##..#######
##..#######..## ##.@JT.....##
###########


You could see a very large slime creature and a troll.

Vanquished Creatures
  A yaktaur captain (D:11)
  Erolcha (D:11)
  2 hydras (D:12)
  2 two-headed ogres
  A shock serpent (D:10)
  Pikel (D:6)
  2 ugly things
  A mana viper (D:9)
  A deep elf mage (D:12)
  A manticore (D:11)
  A cyclops (D:12)
  Maurice (D:10)
  Joseph (D:7)
  A komodo dragon (D:12)
  A queen bee (D:10)
  A troll (D:9)
  3 slime creatures (D:12)
  2 hippogriffs
  3 wyverns
  7 yaks
  A wraith (D:11)
  A shadow (D:12)
  A steam dragon (D:10)
  4 vampire mosquitoes
  2 hungry ghosts (D:12)
  3 wargs (D:11)
  2 water moccasins (D:11)
  Duvessa (D:6)
  A sky beast (D:11)
  13 orc warriors
  3 phantoms
  2 black bears (D:6)
  6 ice beasts
  3 slaves (D:6)
  5 ogres
  A necrophage (D:11)
  7 centaurs
  A crocodile (D:9)
  7 bullfrogs
  2 scorpions
  23 killer bees (D:10)
  4 wights (D:8)
  4 howler monkeys
  3 centaur zombies
  4 crimson imps
  3 bullfrog zombies
  A quasit (D:12)
  2 centaur skeletons
  11 orc priests
  A bullfrog skeleton (D:7)
  3 hounds
  5 jellies
  Natasha (twice) (D:3 D:4)
  4 iguanas
  13 orc wizards
  8 worker ants
  A killer bee zombie (D:7)
  A hound zombie (D:11)
  3 hound skeletons
  Robin (D:2)
  A worker ant zombie (D:5)
  13 adders
  3 howler monkey skeletons (D:4)
  5 shadow imps
  7 oozes
  A worm (D:3)
  A dart slug (D:2)
  4 leopard geckos
  58 orcs
  A ball python (D:6)
  7 giant cockroaches
  12 goblins
  11 hobgoblins
  9 jackals
  5 quokkas
  9 bats
  4 frilled lizards
  A jackal zombie (D:5)
  11 kobolds
  6 rats
  A spectral orc (D:7)
367 creatures vanquished.

Vanquished Creatures (others)
  A howler monkey (D:6)
  An iguana (D:6)
2 creatures vanquished.

Grand Total: 369 creatures vanquished

Notes
Turn   | Place    | Note
-------+----------+-------------------------------------------
     0 | D:1      | erker the Minotaur Gladiator began the quest for the Orb.
     0 | D:1      | Reached XP level 1. HP: 18/18 MP: 0/0
    79 | D:1      | Reached XP level 2. HP: 9/25 MP: 1/1
    86 | D:1      | Reached skill level 4 in Long Blades
   587 | D:1      | Reached XP level 3. HP: 27/30 MP: 2/2
   834 | D:2      | Reached skill level 1 in Armour
  1109 | D:2      | Reached XP level 4. HP: 25/37 MP: 3/3
  1525 | D:2      | Reached skill level 5 in Long Blades
  1699 | D:2      | Noticed Robin
  1709 | D:2      | Killed Robin
  2083 | D:3      | Noticed Natasha
  2090 | D:3      | Killed Natasha
  2090 | D:3      | Reached XP level 5. HP: 13/45 MP: 4/4
  2409 | D:3      | Found a runed gate.
  2409 | D:3      | Found a runed gate.
  2409 | D:3      | Found a runed gate.
  2571 | D:3      | Noticed lapinsky's ghost (amateur HuBe)
  3029 | D:4      | Got a faintly humming leather armour
  3040 | D:4      | Identified the +3 leather armour of the Maze {Int+3} (You
                  | found it on level 4 of the Dungeon)
  3151 | D:4      | Found a bloodstained altar of Trog.
  3182 | D:4      | Noticed an ogre
  3187 | D:4      | Reached skill level 6 in Long Blades
  3187 | D:4      | Reached XP level 6. HP: 23/51 MP: 5/5
  3190 | D:4      | Reached skill level 5 in Dodging
  3385 | D:4      | Noticed Natasha
  3391 | D:4      | Killed Natasha
  3514 | D:4      | Noticed an orc warrior
  3536 | D:4      | Killed an orc warrior
  3536 | D:4      | Reached XP level 7. HP: 27/59 MP: 6/6
  3837 | D:4      | Reached skill level 7 in Long Blades
  4093 | D:5      | Entered Level 5 of the Dungeon
  4141 | D:5      | Found a staircase to the Ecumenical Temple.
  4152 | Temple   | Entered the Ecumenical Temple
  4429 | Temple   | Became a worshipper of Dithmenos the Shadowed
  5030 | D:6      | Noticed Pikel
  5061 | D:6      | Noticed Dowan
  5063 | D:6      | Noticed Duvessa
  5074 | D:6      | Killed Pikel
  5074 | D:6      | Reached skill level 5 in Fighting
  5074 | D:6      | Reached skill level 8 in Long Blades
  5074 | D:6      | Reached XP level 8. HP: 32/69 MP: 7/7
  5096 | D:5      | Reached skill level 9 in Long Blades
  5096 | D:5      | Reached skill level 5 in Armour
  5271 | D:6      | Found a runed door.
  5276 | D:6      | Noticed Dowan
  5276 | D:6      | Dowan changed into Dowan the howler monkey
  5286 | D:6      | Killed Dowan the howler monkey
  5293 | D:6      | Killed Duvessa
  5368 | D:6      | Found a glowing silver altar of Zin.
  5421 | D:6      | Reached * piety under Dithmenos
  5470 | D:6      | Noticed a white ugly thing
  5790 | D:6      | Reached XP level 9. HP: 61/75 MP: 8/8
  5861 | D:6      | Killed a white ugly thing
  5861 | D:6      | Reached skill level 10 in Long Blades
  5861 | D:6      | Reached skill level 1 in Evocations
  5937 | D:6      | Found a hazy altar of Hepliaklqana.
  5968 | D:6      | Noticed Terandir's ghost (novice MiFi)
  6102 | D:6      | Found an iron altar of Okawaru.
  6523 | D:7      | Noticed Joseph
  6546 | D:7      | Killed Joseph
  6608 | D:7      | Reached skill level 11 in Long Blades
  6697 | D:7      | Reached ** piety under Dithmenos
  6996 | D:7      | Found a basalt altar of Yredelemnul.
  7041 | D:8      | Found Elidd's Antique Armour Shop.
  7051 | D:8      | Bought a glowing scarf for 168 gold pieces
  7056 | D:8      | Bought a runed scarf for 168 gold pieces
  7087 | D:8      | Found Kifiguw's Magic Scroll Boutique.
  7091 | D:8      | Noticed a two-headed ogre
  7102 | D:8      | Killed a two-headed ogre
  7102 | D:8      | Reached XP level 10. HP: 86/86 MP: 11/11
  7233 | D:8      | Noticed a two-headed ogre
  7343 | D:8      | Reached skill level 12 in Long Blades
  7469 | D:8      | Found Tant's Assorted Antiques.
  7970 | D:9      | Found an iron altar of Okawaru.
  8052 | D:9      | Found a hazy altar of Hepliaklqana.
  8084 | D:9      | Noticed a mana viper
  8084 | D:9      | a two-headed ogre changed into a mana viper
  8090 | D:9      | Killed a mana viper
  8245 | D:9      | Found a runed door.
  8245 | D:9      | Noticed esteth's ghost (novice DsAK)
  8406 | D:10     | Entered Level 10 of the Dungeon
  8459 | D:10     | Found a shimmering altar of Xom.
  8464 | D:10     | Noticed Maurice
  8473 | D:10     | Killed Maurice
  8511 | D:10     | Reached XP level 11. HP: 79/94 MP: 13/13
  8518 | D:10     | Reached *** piety under Dithmenos
  8716 | D:10     | Reached skill level 13 in Long Blades
  8796 | D:10     | Reached skill level 5 in Evocations
  9142 | D:10     | Noticed a two-headed ogre
  9145 | D:10     | Noticed a shock serpent
  9145 | D:10     | a two-headed ogre changed into a shock serpent
  9154 | D:10     | Killed a shock serpent
  9543 | D:11     | Got a twisted scimitar {freeze}
  9545 | D:11     | Identified the +7 scimitar "Sarcophage" {freeze, +Blink rF+
                  | Dex+2} (You took it off an orc on level 11 of the Dungeon)
  9566 | D:11     | Found a staircase to the Lair.
  9569 | D:11     | Reached **** piety under Dithmenos
  9694 | D:11     | Found Agunawel's Weapon Boutique.
  9721 | D:11     | Got an iridescent long sword
  9722 | D:11     | Lost intelligence.
  9722 | D:11     | Identified the +8 long sword of the Vestibule of Hell
                  | {flame, rElec rC+++ Int-5 Stlth+} (You found it on level 11
                  | of the Dungeon)
  9759 | D:11     | Noticed Erolcha
  9771 | D:11     | Killed Erolcha
  9799 | D:11     | Reached skill level 14 in Long Blades
  9802 | D:11     | Reached skill level 10 in Dodging
  9893 | D:11     | Found a roughly hewn altar of Beogh.
  9931 | D:11     | Reached ***** piety under Dithmenos
 10113 | D:11     | Found a runed door.
 10198 | D:11     | Noticed a two-headed ogre
 10209 | D:11     | Killed a two-headed ogre
 10248 | D:11     | Noticed a yaktaur captain
 10255 | D:11     | Killed a yaktaur captain
 10397 | D:12     | Noticed a deep elf mage
 10407 | D:12     | Reached XP level 12. HP: 59/105 MP: 15/15
 10943 | D:12     | Found a staircase to the Orcish Mines.
 11061 | D:12     | Noticed a six-headed hydra
 11070 | D:12     | Reached skill level 10 in Fighting
 11080 | D:12     | Killed a two-headed hydra
 11181 | D:12     | Found a portal to a secret trove of treasure.
 11225 | D:12     | Noticed a five-headed hydra
 11242 | D:12     | Killed a three-headed hydra
 11242 | D:12     | Reached skill level 15 in Long Blades
 11626 | D:12     | Slain by a very large slime creature

Skill      XL: |  1  2  3  4  5  6  7  8  9 10 11 12 |
---------------+-------------------------------------+-----
Long Blades    | 4 5 6 8 9 11 12 14 15 | 15.0
Dodging        | 4 5 6 7 8 9 10 11 | 11.3
Armour         | 1 2 3 4 5 6 7 8 |  8.5
Fighting       | 3 4 5 6 7 8 9 10 | 10.4
Evocations     | 3 4 6 |  6.7
Throwing       | |  2.0

Action                   |  1- 3 |  4- 6 |  7- 9 | 10-12 || total
-------------------------+-------+-------+-------+-------++-------
Melee: Long sword        |    70 |   121 |   220 |    79 ||   490
       Headbutt          |    10 |    21 |    63 |    96 ||   190
       Great sword       |       |       |       |    92 ||    92
       Scimitar          |       |       |       |   206 ||   206
Throw: Throwing net      |       |     2 |     1 |       ||     3
       Tomahawk          |       |       |     9 |     3 ||    12
       Javelin           |       |       |       |     3 ||     3
Evoke: Wand              |       |     6 |     8 |     8 ||    22
  Use: Potion            |       |       |     3 |     1 ||     4
       Scroll            |       |       |     6 |     7 ||    13
 Stab: Paralysed         |       |     4 |     6 |     3 ||    13
       Held in net/web   |       |       |     1 |       ||     1
  Eat: Chunk             |     1 |     7 |     8 |    17 ||    33
       Ration            |       |       |     1 |       ||     1
Armor: Leather armour    |    23 |    27 |     6 |       ||    56
       Swamp dragon scal |       |       |    55 |    69 ||   124
Dodge: Dodged            |    73 |    81 |   134 |   398 ||   686
       Deflected         |       |       |       |    11 ||    11
Block: Other             |       |       |       |    15 ||    15
       Reflection        |       |       |       |     1 ||     1
       Rpst.: Long sword |    13 |    20 |    31 |    13 ||    77
       Great sword       |       |       |       |    51 ||    51
       Scimitar          |       |       |       |    32 ||    32
